 Dungeon Crawl Stone Soup version 0.31-a0-1-g4198be8af4 (webtiles) character file.

Game seed: 6071045187014293627

938 Juicyj the Vexing (level 8, -10/60 HPs)
             Began as a Gnoll Hexslinger on May 1, 2023.
             Mangled by a two-headed ogre
             ... wielding a +0 giant spiked club
              (25 damage)
             ... on level 6 of the Dungeon.
             The game lasted 00:14:35 (6054 turns).

Juicyj the Vexing (Gnoll Hexslinger)                Turns: 6054, Time: 00:14:37

Health: -10/60     AC:  4    Str: 12    XL:     8   Next: 12%
Magic:  11/14      EV: 15    Int: 13    God:
Gold:   328        SH:  0    Dex: 18    Spells: 7/15 levels left

rFire   . . .        a - +1 sling
rCold   . . .        (no shield)
rNeg    . . .        c - +0 robe
rPois   .            (no helmet)
rElec   .            (no cloak)
rCorr   .            l - +0 pair of gloves
SInv    .            B - +0 pair of boots
Will    .....        u - amulet of magic regeneration
Stlth   ++           o - +6 ring of dexterity
HPRegen 0.30/turn    (no ring)
MPRegen 0.54/turn

%: no passive effects
@: no status effects
A: fangs 1, strong nose, distributed training
a: no special abilities


You were on level 6 of the Dungeon.
You visited 2 branches of the dungeon, and saw 7 of its levels.

You collected 328 gold pieces.

Inventory:

Hand Weapons
 a - a +1 sling (weapon)
 k - a +3 whip
Missiles
 d - 15 poisoned darts
 x - 3 boomerangs
 E - 5 atropa-tipped darts
Armour
 c - a +0 robe (worn)
 l - a +0 pair of gloves (worn)
 B - a +0 pair of boots (worn)
Jewellery
 o - a +6 ring of dexterity (left hand)
 u - an amulet of magic regeneration (around neck)
Wands
 y - a wand of roots (6)
Scrolls
 b - 3 scrolls of poison
 i - a scroll of amnesia
 j - 2 scrolls of vulnerability
 p - 3 scrolls of identify
 r - 2 scrolls of magic mapping {unknown}
 s - a scroll of immolation {unknown}
 v - 2 scrolls of teleportation {unknown}
 D - a scroll of fear {unknown}
Potions
 e - 5 potions of curing
 f - a potion of brilliance {unknown}
 g - a potion of resistance {unknown}
 h - 3 potions of heal wounds {unknown}
 m - a potion of lignification {unknown}
 n - 2 potions of berserk rage {unknown}
 q - 2 potions of degeneration {unknown}
 t - a potion of mutation {unknown}
 w - a potion of experience {unknown}
 z - 2 potions of invisibility {unknown}
 A - a potion of attraction {unknown}
 C - a potion of flight {unknown}
 F - a potion of haste {unknown}


   Skills:
 + Level 4.1 Fighting
 + Level 3.1 Short Blades
 + Level 3.1 Long Blades
 + Level 3.1 Axes
 + Level 3.1 Maces & Flails
 + Level 3.1 Polearms
 + Level 3.1 Staves
 + Level 5.6 Ranged Weapons
 + Level 3.1 Throwing
 + Level 3.1 Armour
 + Level 5.6 Dodging
 + Level 3.1 Stealth
 + Level 3.1 Shields
 + Level 3.1 Unarmed Combat
 + Level 4.2 Spellcasting
 + Level 2.5 Conjurations
 + Level 6.0 Hexes
 + Level 2.5 Summonings
 + Level 2.5 Necromancy
 + Level 2.5 Translocations
 + Level 2.5 Transmutations
 + Level 2.5 Fire Magic
 + Level 2.5 Ice Magic
 + Level 2.5 Air Magic
 + Level 2.5 Earth Magic
 + Level 2.5 Poison Magic
 + Level 3.4 Invocations
 + Level 3.1 Evocations


You had 7 spell levels left.
You knew the following spells:

 Your Spells              Type           Power      Damage    Failure   Level
a - Slow                  Hex            72%        N/A       1%          1
b - Inner Flame           Hex/Fire       13%        N/A       11%         3
c - Sandblast             Erth           18%        2d7       7%          1
d - Portal Projectile     Hex/Tloc       26%        N/A       11%         3

Your spell library contained the following spells:

 Spells                   Type           Power      Damage    Failure   Level
 Confusing Touch          Hex            18%        N/A       4%          3
 Kiss of Death            Conj/Necr      36%        2d8       7%          1
 Passwall                 Tmut/Erth      7%         N/A       11%         2
 Cause Fear               Hex            9%         N/A       17%         4
 Stone Arrow              Conj/Erth      18%        3d8       22%         3
 Vhi's Electric Charge    Tloc/Air       18%        N/A       22%         3
 Dispel Undead            Necr           9%         3d8       56%         4
 Arcjolt                  Conj/Air       4%         1d14      89%         5
 Plasma Beam              Fire/Air       4%         2x1d16    100%        6


Dungeon Overview and Level Annotations

Branches:
Dungeon (6/15)             Temple (1/1) D:5

Altars:
Ashenzari
Cheibriados
Dithmenos
Elyvilon
Fedhas
Kikubaaqudgha
Nemelex Xobeh
Okawaru
Ru
Sif Muna
Trog
Uskayaw
Vehumet
Xom
Yredelemnul
The Shining One


Innate Abilities, Weirdness & Mutations

You have very sharp teeth.
Your uncanny sense of smell can sniff out nearby items.
Your experience applies equally to all skills.


Message History

Press: ? - help, Shift-Dir - straight line, f/p - two-headed ogre
Aim: a two-headed ogre, wielding a +0 giant spiked club and a +0 giant club (chance to affect: 33%)
The two-headed ogre easily resists.
The two-headed ogre hits you with a +0 giant spiked club!!
The two-headed ogre hits you with a +0 giant club!
Casting: Slow (safe; 1% risk of failure)
Confirm with . or Enter, or press ? or * to list all spells.
Aiming: Slow (safe; 1% risk of failure)
Press: ? - help, Shift-Dir - straight line, f/p - two-headed ogre
Aim: a two-headed ogre, wielding a +0 giant spiked club and a +0 giant club (chance to affect: 33%)
The two-headed ogre easily resists.
Casting: Slow (safe; 1% risk of failure)
Confirm with . or Enter, or press ? or * to list all spells.
Aiming: Slow (safe; 1% risk of failure)
Press: ? - help, Shift-Dir - straight line, f/p - two-headed ogre
Aim: a two-headed ogre, wielding a +0 giant spiked club and a +0 giant club (chance to affect: 33%)
The two-headed ogre easily resists.
The two-headed ogre closely misses you. The two-headed ogre barely misses you.
Casting: Slow (safe; 1% risk of failure)
Confirm with . or Enter, or press ? or * to list all spells.
Aiming: Slow (safe; 1% risk of failure)
Press: ? - help, Shift-Dir - straight line, f/p - two-headed ogre
Aim: a two-headed ogre, wielding a +0 giant spiked club and a +0 giant club (chance to affect: 33%)
The two-headed ogre easily resists.
The two-headed ogre barely misses you.
The two-headed ogre hits you with a +0 giant club!!
* * * LOW HITPOINT WARNING * * *
Casting: Slow (safe; 1% risk of failure)
Confirm with . or Enter, or press ? or * to list all spells.
Aiming: Slow (safe; 1% risk of failure)
Press: ? - help, Shift-Dir - straight line, f/p - two-headed ogre
Aim: a two-headed ogre, wielding a +0 giant spiked club and a +0 giant club (chance to affect: 33%)
The two-headed ogre easily resists.
Casting: Slow (safe; 1% risk of failure)
Confirm with . or Enter, or press ? or * to list all spells.
Aiming: Slow (safe; 1% risk of failure)
Press: ? - help, Shift-Dir - straight line, f/p - two-headed ogre
Aim: a two-headed ogre, wielding a +0 giant spiked club and a +0 giant club (chance to affect: 33%)
The two-headed ogre easily resists.
The two-headed ogre hits you with a +0 giant spiked club!!
You die...

#.......###########.#
#.......# #.#
#######.# #.# #.# #.#
#.# #.# #.# #.# #.#
#.# #.# #.# #@# #.#
#O# #.# ... #.# ##.#.
#)# #.#.. #)# #.# ##
#)#### #.# #..... #.#
######


You could see a two-headed ogre.

Vanquished Creatures
  An orc warrior (D:6)
  An ice beast (D:5)
  2 bullfrogs
  A scorpion (D:5)
  A howler monkey (D:6)
  4 hounds
  2 orc wizards (D:6)
  5 iguanas
  4 gnolls (D:4)
  9 adders
  A worm (D:2)
  A dart slug (D:4)
  11 orcs
  4 ball pythons
  6 bats
  6 endoplasms
  2 giant cockroaches
  9 goblins
  4 hobgoblins (D:4)
  6 jackals
  2 quokkas
  4 frilled lizards
  6 kobolds
  8 rats
100 creatures vanquished.

Vanquished Creatures (others)
  3 plants (D:2)
3 creatures vanquished.

Grand Total: 103 creatures vanquished

Notes
Turn   | Place    | Note
-------+----------+-------------------------------------------
     0 | D:1      | Juicyj the Gnoll Hexslinger began the quest for the Orb.
     0 | D:1      | Reached XP level 1. HP: 17/17 MP: 4/4
   196 | D:1      | Reached XP level 2. HP: 23/23 MP: 5/5
   217 | D:1      | Found a faded altar of an unknown god.
   712 | D:2      | Reached XP level 3. HP: 28/28 MP: 5/7
   779 | D:2      | Reached skill level 1 in Invocations
   840 | D:2      | Reached skill level 1 in Short Blades
   840 | D:2      | Reached skill level 1 in Long Blades
   840 | D:2      | Reached skill level 1 in Axes
   840 | D:2      | Reached skill level 1 in Maces & Flails
   840 | D:2      | Reached skill level 1 in Polearms
   840 | D:2      | Reached skill level 1 in Staves
   840 | D:2      | Reached skill level 1 in Throwing
   840 | D:2      | Reached skill level 1 in Armour
   840 | D:2      | Reached skill level 1 in Stealth
   840 | D:2      | Reached skill level 1 in Shields
   840 | D:2      | Reached skill level 1 in Unarmed Combat
   840 | D:2      | Reached skill level 1 in Evocations
   945 | D:2      | Reached XP level 4. HP: 28/34 MP: 5/8
  1209 | D:2      | Found a bloodstained altar of Trog.
  1411 | D:3      | Reached skill level 1 in Conjurations
  1411 | D:3      | Reached skill level 1 in Summonings
  1411 | D:3      | Reached skill level 1 in Necromancy
  1411 | D:3      | Reached skill level 1 in Translocations
  1411 | D:3      | Reached skill level 1 in Transmutations
  1411 | D:3      | Reached skill level 1 in Fire Magic
  1411 | D:3      | Reached skill level 1 in Ice Magic
  1411 | D:3      | Reached skill level 1 in Air Magic
  1411 | D:3      | Reached skill level 1 in Earth Magic
  1411 | D:3      | Reached skill level 1 in Poison Magic
  1832 | D:3      | Learned a level 3 spell: Inner Flame
  1834 | D:3      | Learned a level 1 spell: Sandblast
  1838 | D:3      | Learned a level 3 spell: Portal Projectile
  2178 | D:4      | Reached XP level 5. HP: 35/41 MP: 9/9
  2390 | D:4      | Reached XP level 6. HP: 16/47 MP: 1/11
  2538 | D:4      | Found a shimmering blue altar of Sif Muna.
  2656 | D:4      | Found a burning altar of Makhleb.
  2659 | D:4      | Found a blossoming altar of Fedhas.
  2659 | D:4      | Found a shimmering altar of Xom.
  2663 | D:4      | Found a shimmering blue altar of Sif Muna.
  2663 | D:4      | Found a broken altar of Ashenzari.
  2663 | D:4      | Found a bloodstained altar of Trog.
  3025 | D:4      | Reached skill level 5 in Ranged Weapons
  3025 | D:4      | Reached skill level 5 in Dodging
  3108 | D:4      | Found a broken altar of Ashenzari.
  3427 | D:5      | Entered Level 5 of the Dungeon
  3536 | D:5      | Noticed an ice beast
  3560 | D:5      | Killed an ice beast
  3561 | D:5      | Reached XP level 7. HP: 19/52 MP: 12/12
  4143 | D:5      | Found a staircase to the Ecumenical Temple.
  4243 | Temple   | Entered the Ecumenical Temple
  5250 | D:6      | Reached skill level 6 in Hexes
  5713 | D:6      | Reached XP level 8. HP: 14/60 MP: 11/14
  6047 | D:6      | Noticed a two-headed ogre
  6054 | D:6      | Mangled by a two-headed ogre

Illustrated notes

Levels and vault maps discovered:
D:1:      eino_arrival_cavern_d, layout_rooms,
          hellmonk_ecumenical_altar_lost_god
D:2:      layout_loops_ring, basic_altar, hangedman_decor_points,
          serial_bayou_pond_a
D:3:      layout_basic, nicolae_figureground_sparkle
D:4:      wad_crossroads, layout_loops_cross, nicolae_sif_muna_condensation,
          doesnt_xom_only_xom, nicolae_overflow_hidden_temple,
          grunt_ministairs_15
D:5:      layout_basic, minmay_temple_entry_offerings
D:6:      layout_basic
Temple:   oiseaux_autumnal_temple

Skill      XL: |  1  2  3  4  5  6  7 |
---------------+----------------------+-----
Invocations    | 1 2 3 |  3.4
Short Blades   | 1 2 3 |  3.1
Long Blades    | 1 2 3 |  3.1
Axes           | 1 2 3 |  3.1
Maces & Flails | 1 2 3 |  3.1
Polearms       | 1 2 3 |  3.1
Staves         | 1 2 3 |  3.1
Throwing       | 1 2 3 |  3.1
Armour         | 1 2 3 |  3.1
Stealth        | 1 2 3 |  3.1
Shields        | 1 2 3 |  3.1
Unarmed Combat | 1 2 3 |  3.1
Evocations     | 1 2 3 |  3.1
Spellcasting   | 3 4 |  4.2
Conjurations   | 1 2 |  2.5
Summonings     | 1 2 |  2.5
Necromancy     | 1 2 |  2.5
Translocations | 1 2 |  2.5
Transmutations | 1 2 |  2.5
Fire Magic     | 1 2 |  2.5
Ice Magic      | 1 2 |  2.5
Air Magic      | 1 2 |  2.5
Earth Magic    | 1 2 |  2.5
Poison Magic   | 1 2 |  2.5
Fighting       | 3 4 |  4.1
Ranged Weapons | 5 |  5.6
Dodging        | 5 |  5.6
Hexes          | 6 |  6.0

Action                     |  1- 3 |  4- 6 |  7- 9 || total
---------------------------+-------+-------+-------++-------
  Melee: Whip              |       |    29 |    57 ||    86
         Bite              |       |     5 |    12 ||    17
         Punch             |       |       |     1 ||     1
   Fire: Sling             |    99 |   155 |    30 ||   284
   Cast: Slow              |     3 |     8 |    18 ||    29
         Sandblast         |       |     2 |     4 ||     6
         Portal Projectile |       |     1 |     1 ||     2
         Inner Flame       |       |       |     4 ||     4
  Evoke: Wand              |       |     3 |       ||     3
    Use: Scroll            |     2 |     2 |       ||     4
 Armour: Robe              |     6 |     9 |    12 ||    27
  Dodge: Dodged            |    18 |    51 |    56 ||   125

Table legend: (Time is in decaauts)
 A = Elapsed time spent in this place.
 B = Non-inter-level travel time spent in this place.
 C = Inter-level travel time spent in this place.
 D = Time resting spent in this place.
 E = Time spent auto-exploring this place.
 F = Levels seen in this place.
 G = Mean time per level.
                   A        B        C        D        E       F      G
               +--------+--------+--------+--------+--------+-----+--------+
         Total |   6104 |   5801 |    303 |    235 |   4740 |   7 |  872.0 |
       Dungeon |   5858 |   5564 |    294 |    235 |   4517 |   6 |  976.3 |
        Temple |    245 |    236 |      9 |      0 |    223 |   1 |  245.0 |
               +--------+--------+--------+--------+--------+-----+--------+

Top non-repeatable levels by time:
     D:6: 1401 daAuts
     D:4: 1358 daAuts
     D:5: 992 daAuts
     D:2: 769 daAuts
     D:3: 721 daAuts
     D:1: 614 daAuts
  Temple: 245 daAuts
